 Dungeon Crawl Stone Soup version 0.23.2-1-ga50397a6bc (webtiles) character file.

Game seed: 16477472503892202311

272 Mrkan the Shield-Bearer (level 6, 0/56 HPs)
             Began as a Draconian Fighter on May 1, 2019.
             Slain by a hound (2 damage)
             ... on level 4 of the Dungeon.
             The game lasted 00:06:57 (3067 turns).

Mrkan the Shield-Bearer (Draconian Fighter)         Turns: 3067, Time: 00:06:58

Health: 0/56       AC:  6    Str: 18    XL:     6   Next: 2%
Magic:  6/6        EV: 11    Int:  9    God:
Gold:   234        SH: 10    Dex: 12    Spells: 5/5 levels left

rFire    . . .     SeeInvis .   a - +0 flail
rCold    . . .     Gourm    .   b - +0 shield
rNeg     . . .     Faith    .   (armour unavailable)
rPois    .         Spirit   .   (helmet restricted)
rElec    .         Reflect  .   (no cloak)
rCorr    .         Harm     .   (no gloves)
MR       .....                  (no boots)
Stlth    ++........             (no amulet)
HPRegen  0.18/turn              (no ring)
MPRegen  0.10/turn              (no ring)

@: lethally poisoned (0 -> -2)
A: unfitting armour, cold-blooded, AC +6
a: no special abilities


You were on level 4 of the Dungeon.
You were not hungry.

You visited 1 branch of the dungeon, and saw 4 of its levels.

You collected 234 gold pieces.

Inventory:

Hand Weapons
 a - a +0 flail (weapon)
Armour
 b - a +0 shield (worn)
Jewellery
 l - an uncursed ring of wizardry {unknown}
 o - a cursed -2 ring of strength {unknown}
Wands
 s - a wand of iceblast (6)
Scrolls
 f - a scroll of blinking {unknown}
 h - 2 scrolls of enchant weapon {unknown}
 i - 3 scrolls of identify {unknown}
 m - a scroll of fog {unknown}
 p - a scroll of teleportation {unknown}
 q - a scroll of noise {unknown}
 r - a scroll of enchant armour {unknown}
Potions
 c - a potion of might
 e - a potion of lignification {unknown}
 g - a potion of agility {unknown}
 j - a potion of mutation {unknown}
 k - 2 potions of curing {unknown}
 n - a potion of degeneration {unknown}
Comestibles
 d - 5 rations
 t - a chunk of flesh


   Skills:
 * Level 5.1 Fighting
 - Level 2.0 Maces & Flails
 - Level 2.6 Dodging
 + Level 1.2 Stealth
 * Level 5.5 Shields


You had 5 spell levels left.
You didn't know any spells.
Your spell library contained the following spells:

 Spells                   Type           Power        Failure   Level  Hunger
 Magic Dart               Conj           #...         80%         1    ##.....
 Blink                    Tloc           N/A          90%         2    ###....
 Call Imp                 Summ           #.......     90%         2    ###....
 Slow                     Hex            #.......     90%         2    ###....
 Conjure Flame            Conj/Fire      #.......     99%         3    ####...
 Mephitic Cloud           Conj/Pois/Air  #.......     99%         3    ####...


Dungeon Overview and Level Annotations

Branches:
Dungeon (4/15)
 Temple: D:4-7

Altars:
Trog
Uskayaw

Annotations:
D:3 3 runed translucent doors, BorisKarlOrff's ghost, amateur OpAs; Descartes's ghost, amateur FoFi; Ykky's ghost, amateur VSFi


Innate Abilities, Weirdness & Mutations

Your plain brown scales are hard. (AC +6)
You cannot fit into any form of body armour.
You are cold-blooded and may be slowed by cold attacks.


Message History

You feel agile.
Your scales feel tougher.
* * * LOW HITPOINT WARNING * * *
You feel sick. The ogre closely misses you.
* * * LOW HITPOINT WARNING * * *
You feel sick.
* * * LOW HITPOINT WARNING * * *
You feel sick.
* * * LOW HITPOINT WARNING * * *
You feel sick.
* * * LOW HITPOINT WARNING * * *
You feel sick.
A hound comes into view.
* * * LOW HITPOINT WARNING * * *
You feel sick. The hound misses you. You block the hound's attack.
* * * LOW HITPOINT WARNING * * *
You feel sick. You block the hound's attack. The hound bites you.
You die...

......# .....# #....#
#....#############
#..........#.....##
....# #...##...## #..#
#.###.....## #.@#
#.##.......# #.h#
#.##.......#
##.#..#####.#.........
+....O......#.........
##>.......######......
........##.# ####...
###.###.##.# #... #.
#.##.# ##.. .. #.##.#
#..


You could see an ogre and a hound.

Vanquished Creatures
  A howler monkey (D:2)
  An iguana (D:4)
  3 worker ants (D:4)
  6 adders
  6 worms
  A dart slug (D:3)
  2 leopard geckos
  2 orcs (D:3)
  A ball python (D:2)
  6 bats
  A giant cockroach (D:1)
  10 goblins
  9 hobgoblins
  2 jackals (D:2)
  3 frilled lizards
  5 kobolds
  6 rats
65 creatures vanquished.

Notes
Turn   | Place    | Note
-------+----------+-------------------------------------------
     0 | D:1      | Mrkan the Draconian Fighter began the quest for the Orb.
     0 | D:1      | Reached XP level 1. HP: 19/19 MP: 1/1
   362 | D:1      | Reached XP level 2. HP: 24/26 MP: 2/2
   962 | D:2      | Reached XP level 3. HP: 24/33 MP: 3/3
  1175 | D:2      | Found a hide-covered altar of Uskayaw.
  1301 | D:2      | Reached XP level 4. HP: 27/40 MP: 4/4
  1599 | D:2      | Found a bloodstained altar of Trog.
  2084 | D:3      | Reached XP level 5. HP: 47/47 MP: 5/5
  2151 | D:3      | Found a runed translucent gate.
  2160 | D:3      | Found a runed translucent gate.
  2160 | D:3      | Noticed Ykky's ghost (amateur VSFi)
  2160 | D:3      | Noticed BorisKarlOrff's ghost (amateur OpAs)
  2161 | D:3      | Found a runed translucent gate.
  2161 | D:3      | Noticed Descartes's ghost (amateur FoFi)
  2347 | D:3      | Reached skill level 5 in Shields
  2766 | D:4      | Reached skill level 1 in Stealth
  2853 | D:4      | Reached skill level 5 in Fighting
  2857 | D:4      | Noticed an ogre
  3053 | D:4      | Reached XP level 6. HP: 7/56 MP: 6/6
  3062 | D:4      | HP: 2/56 [poisoned by a worker ant]
  3067 | D:4      | Slain by a hound

Skill      XL: |  1  2  3  4  5 |
---------------+----------------+-----
Fighting       | 4 5 |  5.1
Shields        | 4 5 |  5.5
Stealth        | 1 |  1.2
Maces & Flails | |  2.0
Dodging        | |  2.6

Action                   |  1- 3 |  4- 6 || total
-------------------------+-------+-------++-------
Melee: Flail             |   109 |   121 ||   230
       Tailslap          |     7 |    13 ||    20
  Eat: Chunk             |     1 |     6 ||     7
Armor: Skin              |    21 |    25 ||    46
Dodge: Dodged            |    56 |    45 ||   101
Block: Shield            |    65 |    65 ||   130
